 Dungeon Crawl Stone Soup version 0.13.0-26-gf7ffa3a (webtiles) character file.

3355 Kae the Bludgeoner (level 9, 0/71 (72) HPs)
             Began as a Minotaur Berserker on Oct 30, 2013.
             Was a Priest of Trog.
             Slain by an orange demon (3 damage)
             ... on Level 6 of the Dungeon on Oct 31, 2013.
             The game lasted 00:13:26 (5065 turns).

Kae the Bludgeoner (Minotaur Berserker)             Turns: 5065, Time: 00:13:26

HP   0/71 (72)   AC 12     Str 24      XL: 9   Next: 63%
MP   3/3         EV  5     Int  6      God: Trog [***...]
Gold 177         SH  0     Dex 14      Spells:  0 memorised,  8 levels left

Res.Fire  : . . .   See Invis. : .   K - +1 flail (holy)
Res.Cold  : . . .   Warding    : .   F - +1 plate armour (curse)
Life Prot.: . . .   Conserve   : .   (no shield)
Res.Poison: .       Res.Corr.  : .   (helmet restricted)
Res.Elec. : .       Clarity    : .   (no cloak)
Sust.Abil.: . .     Spirit.Shd : .   (no gloves)
Res.Mut.  : .       Stasis     : .   (no boots)
Res.Rott. : .       Flight     : .   (no amulet)
Saprovore : . . .                    (no ring)
                                     y - cursed +5 ring of dexterity

@: quite poisoned, weakened, slightly resistant to hostile enchantments,
extremely unstealthy
A: retaliatory headbutt, horns 2
a: Burn Spellbooks, Berserk, Trog's Hand, Renounce Religion


You were on level 6 of the Dungeon.
You worshipped Trog.
Trog was most pleased with you.
You were near starving.

You visited 1 branch of the dungeon, and saw 6 of its levels.

You collected 247 gold pieces.
You spent 90 gold pieces at shops.

Inventory:

Hand weapons
 a - a +1,+1 mace
 K - a +1,+1 flail of holy wrath (weapon)
Armour
 b - a +0 animal skin
 w - a +0 orcish chain mail
 F - a cursed +1 plate armour (worn)
 H - the cursed -5 ring mail of Repimi {rF+ rC+ SInv, unknown}
   (You found it on level 6 of the Dungeon)

   It protects you from fire.
   It protects you from cold.
   It enhances your eyesight.
   It has a curse placed upon it.
Magical devices
 B - a wand of flame (18)
Comestibles
 c - 6 bread rations
 n - 3 meat rations
 u - a slice of pizza
 x - a lemon
 z - 2 chokos
Scrolls
 d - 3 scrolls of teleportation
 e - a scroll of fog
 f - 5 scrolls of identify
 g - a scroll of fear {unknown}
 i - a scroll of enchant armour
 r - a scroll of blinking
 s - a scroll of enchant weapon II
 t - 3 scrolls of remove curse
 G - a scroll of immolation {unknown}
Jewellery
 v - an uncursed ring of sustain abilities {unknown}
 y - a cursed +5 ring of dexterity (left hand)
Potions
 h - 2 potions of magic {unknown}
 j - a potion of resistance {unknown}
 k - 3 potions of heal wounds {unknown}
 l - a potion of beneficial mutation {unknown}
 m - 2 potions of agility {unknown}
 p - a potion of speed
 q - 3 potions of curing
 A - a potion of restore abilities {unknown}
 C - a potion of flight {unknown}
 D - 3 potions of mutation {unknown}
 E - a potion of slowing {unknown}


   Skills:
 - Level 3.9 Fighting
 + Level 15.5 Maces & Flails
 - Level 2.4 Armour
 - Level 2.1 Dodging


You had 8 spell levels left.
You didn't know any spells.

Dungeon Overview and Level Annotations

Branches:
Dungeon (6/27)
 Temple: D:4-7          Orc: D:6-11

Altars:
Ashenzari
Fedhas
Kikubaaqudgha
Makhleb

Shops:
D:4 !   D:5 (


Innate Abilities, Weirdness & Mutations

You reflexively headbutt those who attack you in melee.
You have a pair of horns on your head.


Message History

* * * LOW HITPOINT WARNING * * *
Drink which item? (? for menu, Esc to quit)
You feel better. The hobgoblin zombie hits you.
* * * LOW HITPOINT WARNING * * *
The orange demon stings you.
* * * LOW HITPOINT WARNING * * *
You are poisoned.
You feel as though you will be weak longer.
The orange demon hits you but does no damage.
Drink which item? (? for menu, Esc to quit)
That liquid tasted very nasty...
You are more poisoned.
It was a potion of poison.
* * * LOW HITPOINT WARNING * * *
You feel sick.
The hobgoblin zombie hits you but does no damage.
The orange demon stings you.
* * * LOW HITPOINT WARNING * * *
You are more poisoned.
The orange demon hits you.
You die...

..............######..#
###..)........# #..#
#...#..#....# #..#
#..##..##...# #..#
#..#$...#...# #..# ...
#$...#...# #..# ...
##..##...# #..#
......#..#....######..#
........@z............#
.......4..............#
.....#..#....######..#
....##..##...# #..#
##.. ....#...# #..#
#..#....#..(# #..#
#..##..##...# #..#
#...####....# #..#
##...........######.


You could see an orange demon and a hobgoblin zombie.

Vanquished Creatures
  5 orange demons (D:6)
  Eustachio (D:5)
  Edmund (D:5)
  Menkaure (D:5)
  2 ice beasts
  4 centaurs
  3 ogres
  A rotting devil (D:6)
  A giant frog (D:6)
  A centaur zombie (D:5)
  3 scorpions
  2 crimson imps (D:5)
  A quasit (D:5)
  An orc wizard (D:4)
  5 worker ants
  Ijyb (D:5)
  A lemure (D:5)
  3 adders
  2 worms (D:4)
  A giant mite (D:6)
  A giant eyeball (D:6)
  4 giant geckos
  12 orcs
  7 bats
  3 giant cockroaches
  7 goblins
  17 hobgoblins
  6 jackals
  A giant gecko skeleton (D:6)
  6 giant newts
  7 kobolds
  A kobold skeleton (D:4)
  10 rats
  A rat skeleton (D:6)
  A rat zombie (D:5)
124 creatures vanquished.

Notes
Turn   | Place    | Note
--------------------------------------------------------------
     0 | D:1      | Kae, the Minotaur Berserker, began the quest for the Orb.
     0 | D:1      | Reached XP level 1. HP: 19/19 MP: 0/0
   177 | D:1      | Reached skill level 4 in Maces & Flails
   182 | D:1      | Reached XP level 2. HP: 12/26 MP: 0/0
  1104 | D:2      | Acquired Trog's second power
  1304 | D:2      | Reached XP level 3. HP: 29/33 MP: 1/1
  1478 | D:2      | Reached skill level 5 in Maces & Flails
  1558 | D:2      | Found an ancient bone altar of Kikubaaqudgha.
  1561 | D:2      | Found a blossoming altar of Fedhas.
  1564 | D:2      | Found a burning altar of Makhleb.
  1891 | D:3      | Found a shattered altar of Ashenzari.
  1896 | D:3      | Saw a vision of the Shoals and the Snake Pit.
  1896 | D:3      | Noticed a hippogriff
  1896 | D:3      | Noticed a sea snake
  1896 | D:3      | Noticed a mermaid
  1896 | D:3      | Noticed an anaconda
  1896 | D:3      | Noticed a naga
  1896 | D:3      | Noticed a naga mage
  1897 | D:3      | Noticed a merfolk
  1897 | D:3      | Noticed a sea snake
  1898 | D:3      | Noticed a merfolk
  1899 | D:3      | Noticed a merfolk
  2034 | D:3      | Reached XP level 4. HP: 34/39 MP: 1/1
  2402 | D:4      | Reached skill level 6 in Maces & Flails
  2848 | D:4      | Reached XP level 5. HP: 30/46 MP: 1/1
  2852 | D:4      | Reached skill level 7 in Maces & Flails
  2999 | D:4      | Noticed an ogre
  3008 | D:4      | Killed an ogre
  3008 | D:4      | Reached skill level 8 in Maces & Flails
  3008 | D:4      | Reached XP level 6. HP: 31/52 MP: 2/2
  3103 | D:4      | Found Plog's Distillery.
  3118 | D:4      | Bought a potion of speed for 66 gold pieces
  3118 | D:4      | Bought a potion of curing for 24 gold pieces
  3466 | D:5      | Entered Level 5 of the Dungeon
  3469 | D:5      | Found Naocena's Weapon Emporium.
  3725 | D:5      | Reached skill level 9 in Maces & Flails
  3727 | D:5      | Noticed Eustachio
  3739 | D:5      | Killed Eustachio
  3739 | D:5      | Reached XP level 7. HP: 59/59 MP: 2/2
  3766 | D:5      | Reached skill level 10 in Maces & Flails
  3902 | D:5      | Noticed Menkaure
  3911 | D:5      | Killed Menkaure
  3911 | D:5      | Reached skill level 11 in Maces & Flails
  3997 | D:5      | Noticed Ijyb
  4007 | D:5      | Killed Ijyb
  4049 | D:5      | Reached XP level 8. HP: 51/66 MP: 2/2
  4075 | D:5      | Noticed Edmund
  4089 | D:5      | Killed Edmund
  4270 | D:6      | Reached skill level 12 in Maces & Flails
  4469 | D:6      | Reached skill level 13 in Maces & Flails
  4474 | D:6      | Got a smoking scale mail
  4776 | D:6      | Identified the cursed +0 scale mail of the Accordion {Int-2} (You found it on level 6 of the Dungeon)
  4901 | D:6      | Noticed an orange demon
  4901 | D:6      | Noticed an orange demon
  4902 | D:6      | Noticed an orange demon
  4934 | D:6      | Killed an orange demon
  4985 | D:6      | Killed an orange demon
  4985 | D:6      | Reached skill level 14 in Maces & Flails
  4985 | D:6      | Reached XP level 9. HP: 69/72 MP: 3/3
  5022 | D:6      | Killed an orange demon
  5032 | D:6      | Noticed an orange demon
  5033 | D:6      | Noticed an orange demon
  5033 | D:6      | Got an ancient ring mail
  5034 | D:6      | Noticed an orange demon
  5045 | D:6      | Killed an orange demon
  5045 | D:6      | Reached skill level 15 in Maces & Flails
  5062 | D:6      | Killed an orange demon
  5065 | D:6      | HP: 3/71 [orange demon (5)]
  5065 | D:6      | Slain by an orange demon

Action                   |  1- 3 |  4- 6 |  7- 9 || total
-------------------------+-------+-------+-------++-------
Melee: Mace              |   108 |   108 |   112 ||   328
       Flail             |       |       |    53 ||    53
Invok: Trog's Hand       |       |     2 |     3 ||     5
       Berserk           |       |     1 |     2 ||     3
  Use: Scroll            |       |     9 |     4 ||    13
       Potion            |       |       |     3 ||     3
